[Event "Titled Tuesday Blitz March 22 Early 2022"]
[White "Avazkhonov, Alikhon"]
[Black "Omariev, Maksim"]
[WhiteFideId "14208504"]
[BlackFideId "4193423"]
[WhiteElo "1739"]
[BlackElo "2514"]
[Result "1-0"]
[Round "08"]
[TimeControl "180+1"]
[Date "2022.03.22"]
[WhiteClock "0:00:07"]
[BlackClock "0:00:02"]

1. f4 d5 2. Nf3 Nf6 3. g3 c5 4. Bg2 Nc6 5. O-O Bf5 6. d3 e6 7. e3 h6 8. b3 Be7 9. Bb2 Qc7 10. Qe2 O-O-O 11. Nbd2 Kb8 12. e4 Bg4 13. h3 Bxf3 14. Nxf3 g5 15. Ne5 Rh7 16. Nxc6+ Qxc6 17. fxg5 Ng8 18. exd5 exd5 19. Qe5+ Ka8 20. Qf5 Qg6 21. Qxg6 fxg6 22. gxh6 Nxh6 23. Rae1 Nf5 24. g4 Nd4 25. c3 Nc6 26. c4 Nb4 27. cxd5 Nxd3 28. Rxe7 Rxe7 29. Bf6 Red7 30. Bxd8 Rxd8 31. g5 b5 32. Rf6 Ne5 33. Re6 Nf7 34. Rxg6 c4 35. bxc4 bxc4 36. Rg7 Nd6 37. Rc7 Kb8 38. Rc6 Nf5 39. Rxc4 Rg8 40. Rg4 Kc7 41. h4 Kd6 42. h5 Ne3 43. Rg3 Nf5 44. Rg4 Ne3 45. Rg3 Nf5 46. Ra3 Rxg5 47. Ra6+ Ke5 48. h6 Rh5 49. Re6+ Kd4 50. d6 Nxd6 51. Rxd6+ Ke5 52. Ra6 Rh4 53. Kf2 Kf5 54. Bf3 Kg5 55. Ke3 Rb4 56. Be4 Rxe4+ 57. Kxe4 Kh5 58. h7 1-0


[Site "https://www.chess.com"]

[Event "Titled Tuesday Blitz March 22 Early 2022"]
[White "Baches Garcia, Guillermo"]
[Black "Tanenbaum, Zachary"]
[WhiteFideId "2209764"]
[BlackFideId "2060850"]
[WhiteElo "2467"]
[BlackElo "2168"]
[Result "1/2-1/2"]
[Round "08"]
[TimeControl "180+1"]
[Date "2022.03.22"]
[WhiteClock "0:00:43"]
[BlackClock "0:00:05"]

1. e4 e5 2. Nf3 Nc6 3. Nc3 Nf6 4. d4 exd4 5. Nxd4 Bb4 6. Nxc6 bxc6 7. Bd3 d5 8. Bd2 O-O 9. O-O Bxc3 10. Bxc3 Nxe4 11. Bxe4 dxe4 12. Qe2 Bf5 13. Rad1 Qe7 14. Rd4 c5 15. Rd5 Bg6 16. Qe3 c4 17. h3 Rab8 18. Rfd1 Qe6 19. Re5 Qb6 20. Qg3 Rfe8 21. h4 h5 22. Rdd5 Rxe5 23. Qxe5 f6 24. Qg3 Kh7 25. Rd7 Re8 26. Qxc7 Qxc7 27. Rxc7 Kh6 28. Bd2+ Kh7 29. Rxa7 e3 30. Bxe3 Bxc2 31. Bd4 Kg6 32. a4 Re4 33. Bc3 Rxh4 34. a5 Re4 35. a6 Re6 36. f3 Ba4 37. Kf2 Bb5 38. Ra8 Bxa6 39. Rd8 Bb5 40. Rd5 Bc6 41. Rc5 Ba4 42. Rxc4 Bb5 43. Re4 Rxe4 44. fxe4 Kf7 45. e5 fxe5 46. Bxe5 g5 47. g3 Ke6 48. Bc7 Kf5 1/2-1/2


[Site "https://www.chess.com"]

[Event "Titled Tuesday Blitz March 22 Early 2022"]
[White "Bachmann, Axel"]
[Black "Gubanov, Oleg"]
[WhiteFideId "3700488"]
[BlackFideId "14115115"]
[WhiteElo "2587"]
[BlackElo "2080"]
[Result "0-1"]
[Round "08"]
[TimeControl "180+1"]
[Date "2022.03.22"]
[WhiteClock "0:00:02"]
[BlackClock "0:00:46"]

1. d4 b5 2. g3 Bb7 3. Nf3 Bxf3 4. exf3 c6 5. Bg2 d5 6. O-O Nd7 7. a4 a6 8. f4 e6 9. Re1 g6 10. Nd2 Ne7 11. Nf3 Bg7 12. Ng5 O-O 13. Bh3 Nf5 14. c3 Qf6 15. b3 c5 16. Ba3 Rfc8 17. axb5 axb5 18. Bxc5 Rxa1 19. Qxa1 Nxc5 20. dxc5 Qxc3 21. Qxc3 Bxc3 22. Rc1 Rxc5 23. Bf1 b4 24. Rc2 Nd4 25. Ra2 h6 26. Ra8+ Kg7 27. Nh3 Nxb3 28. Kg2 Nd4 29. Ng1 b3 30. Rb8 b2 31. Bd3 Ra5 32. Rb7 Ra1 33. Nf3 Nxf3 34. Kxf3 Rd1 0-1


[Site "https://www.chess.com"]

[Event "Titled Tuesday Blitz March 22 Early 2022"]
[White "Bodnaruk, Anastasia"]
[Black "Lazavik, Denis"]
[WhiteFideId "4181751"]
[BlackFideId "13515110"]
[WhiteElo "2393"]
[BlackElo "2437"]
[Result "0-1"]
[Round "08"]
[TimeControl "180+1"]
[Date "2022.03.22"]
[WhiteClock "0:00:02"]
[BlackClock "0:00:11"]

1. e4 e5 2. Nf3 Nc6 3. Bb5 a6 4. Ba4 Nf6 5. O-O Be7 6. Re1 b5 7. Bb3 d6 8. c3 O-O 9. h3 Bb7 10. d4 Re8 11. Nbd2 Bf8 12. a4 h6 13. d5 Na5 14. Ba2 c6 15. b4 Nc4 16. Nxc4 bxc4 17. Bxc4 cxd5 18. Bxd5 Nxd5 19. exd5 Qc7 20. Qd3 Rac8 21. Bb2 f5 22. Nd2 e4 23. Qd4 Be7 24. Nf1 Bf6 25. Qd1 Qf7 26. Ne3 f4 27. Nf5 f3 28. gxf3 Qg6+ 29. Ng3 e3 30. Qb1 Qg5 31. Qc1 exf2+ 32. Kxf2 Qh4 33. Qd2 Be5 34. Rg1 Rf8 35. Rae1 Rf4 36. Rxe5 dxe5 37. Qd3 Rcf8 38. Bc1 Rxf3+ 39. Qxf3 Rxf3+ 40. Kxf3 Bxd5+ 41. Kf2 Qf6+ 42. Ke1 Qc6 43. Bd2 Bc4 44. a5 Qf3 0-1


[Site "https://www.chess.com"]

[Event "Titled Tuesday Blitz March 22 Early 2022"]
[White "Borodavkin, Anatoly"]
[Black "Pires, Marcos Vinicius Torsani"]
[WhiteFideId "14150662"]
[BlackFideId "2118939"]
[WhiteElo "1845"]
[BlackElo "2273"]
[Result "1-0"]
[Round "08"]
[TimeControl "180+1"]
[Date "2022.03.22"]
[WhiteClock "0:02:35"]
[BlackClock "0:02:01"]

1. e4 c5 2. Nc3 g6 3. g3 Bg7 4. Bg2 Nc6 5. d3 e5 6. f4 d6 7. Nh3 Nge7 8. O-O O-O 9. f5 gxf5 10. exf5 Bxf5 11. Rxf5 Nxf5 12. Be4 Nfe7 13. Bxh7+ Kxh7 14. Qh5+ Kg8 15. Ng5 Re8 16. Qxf7+ Kh8 17. Qh5+ Kg8 18. Qh7+ Kf8 19. Ne6+ 1-0


[Site "https://www.chess.com"]

[Event "Titled Tuesday Blitz March 22 Early 2022"]
[White "Bryakin, Mikhail"]
[Black "Khripachenko, Alexander"]
[WhiteFideId "4165314"]
[BlackFideId "54184975"]
[WhiteElo "2417"]
[BlackElo "2177"]
[Result "1/2-1/2"]
[Round "08"]
[TimeControl "180+1"]
[Date "2022.03.22"]
[WhiteClock "0:00:17"]
[BlackClock "0:00:05"]

1. e4 c5 2. Nf3 d6 3. Bb5+ Nd7 4. O-O a6 5. Bxd7+ Bxd7 6. d4 cxd4 7. Qxd4 Nf6 8. b3 Bc6 9. Re1 g6 10. e5 dxe5 11. Qxd8+ Rxd8 12. Nxe5 Be4 13. Nd2 Bxc2 14. Ndc4 Bg7 15. Ba3 Nd5 16. Rac1 Bf5 17. Na5 Bh6 18. Rcd1 Bc8 19. Nec6 bxc6 20. Nxc6 Be6 21. Nxd8 Kxd8 22. Re4 Kc7 23. Bb2 Rc8 24. Rc4+ Kb7 25. Rxc8 Kxc8 26. g3 Kb7 27. f4 Nb4 28. a3 Nd5 29. b4 Ne3 30. Rd3 Nc4 31. Bd4 Kc6 32. Bc5 Bg7 33. Bxe7 Bf5 34. Rd8 Nxa3 35. Ra8 Kb7 36. Rg8 Bd4+ 37. Kg2 Be6 38. h4 h5 39. Rf8 Nc4 40. f5 gxf5 41. Kf3 Bd5+ 42. Kf4 Be6 43. Kg5 Be5 44. Kxh5 Bxg3 45. Kg5 f4 46. h5 f3 47. Bc5 f2 48. Bxf2 Bxf2 49. h6 Be3+ 50. Kh5 Bxh6 51. Kxh6 Kc6 52. Rb8 Nd6 53. Kg5 Kd5 54. Kf6 Kc4 55. Rb6 Ne4+ 56. Ke5 Nc3 57. Rxa6 Kxb4 58. Rxe6 fxe6 59. Kxe6 1/2-1/2


[Site "https://www.chess.com"]

[Event "Titled Tuesday Blitz March 22 Early 2022"]
[White "Buscar, Michael"]
[Black "Jeet, Jain"]
[WhiteFideId "2603616"]
[BlackFideId "5073022"]
[WhiteElo "2010"]
[BlackElo "2085"]
[Result "0-1"]
[Round "08"]
[TimeControl "180+1"]
[Date "2022.03.22"]
[WhiteClock "0:00:11"]
[BlackClock "0:00:12"]

1. c4 c6 2. g3 d5 3. cxd5 cxd5 4. Bg2 Nf6 5. d3 e5 6. Nf3 Nc6 7. O-O h6 8. Nc3 Bd6 9. Bd2 O-O 10. Qa4 a6 11. Rfc1 Bd7 12. Qd1 Rc8 13. Na4 e4 14. Ne1 Nd4 15. Bf1 b5 16. Rxc8 Bxc8 17. Nc3 Bb7 18. Rc1 Re8 19. dxe4 dxe4 20. Bxh6 Nxe2+ 21. Qxe2 gxh6 22. Nc2 b4 23. Nd1 Qa5 24. Qd2 Be5 25. Qxh6 Rc8 26. Nde3 Bxb2 27. Rd1 Qe5 28. Bc4 Ne8 29. Bb3 Ng7 30. Ng4 Qh5 31. Qf4 Bc6 32. Nh6+ Kh7 33. Nxf7 Qxd1+ 34. Kg2 Qf3+ 35. Qxf3 exf3+ 36. Kh3 Kg6 37. Ne3 a5 38. Nd6 Rh8+ 39. Kg4 a4 40. Bc4 Bd7+ 41. Kxf3 Ne6 42. Bd3+ Kg7 43. Nef5+ Kf6 44. Ne3 Nd4+ 45. Kg2 Bc6+ 46. f3 Bxf3+ 47. Kg1 Bc6 48. Ndc4 Nf3+ 49. Kf2 Rxh2+ 50. Ng2 Bd4+ 51. Kf1 Nd2+ 52. Nxd2 Bxg2+ 53. Ke1 Bd5 54. Nf1 Rh1 55. Ke2 Bxa2 56. Be4 Bc4+ 57. Kd2 Rxf1 58. g4 Rf2+ 59. Ke1 Re2+ 60. Kd1 Rxe4 61. g5+ Kxg5 62. Kd2 Bc3+ 0-1


[Site "https://www.chess.com"]

[Event "Titled Tuesday Blitz March 22 Early 2022"]
[White "Christensen, Thomas"]
[Black "Yang, Kevin"]
[WhiteFideId "1403532"]
[BlackFideId "30908485"]
[WhiteElo "2248"]
[BlackElo "2055"]
[Result "0-1"]
[Round "08"]
[TimeControl "180+1"]
[Date "2022.03.22"]
[WhiteClock "0:00:25"]
[BlackClock "0:00:59"]

1. d4 Nf6 2. Nc3 d5 3. e4 Nxe4 4. Nxe4 dxe4 5. Bc4 Bf5 6. c3 e6 7. Ne2 Nd7 8. O-O Bd6 9. Ng3 Bg6 10. Qe2 Qh4 11. Be3 O-O 12. Qd2 h6 13. h3 Rae8 14. Ne2 e5 15. a3 a6 16. Rae1 Kh8 17. f4 exf3 18. Rxf3 f5 19. Bf2 Qd8 20. Ng3 e4 0-1


[Site "https://www.chess.com"]

[Event "Titled Tuesday Blitz March 22 Early 2022"]
[White "Coto Mederos, Michel"]
[Black "Samunenkov, Ihor"]
[WhiteFideId "3508528"]
[BlackFideId "14187086"]
[WhiteElo "2427"]
[BlackElo "2409"]
[Result "0-1"]
[Round "08"]
[TimeControl "180+1"]
[Date "2022.03.22"]
[WhiteClock "0:00:01"]
[BlackClock "0:00:04"]

1. d4 d5 2. c4 dxc4 3. e3 e5 4. Bxc4 exd4 5. exd4 Bd6 6. Nf3 Nf6 7. O-O O-O 8. Bg5 Nc6 9. Nc3 Bg4 10. Nd5 Be7 11. Nxe7+ Qxe7 12. h3 Bh5 13. Re1 Qd6 14. Qd3 Bxf3 15. Qxf3 Qxd4 16. Bb5 Ne5 17. Qf5 Ng6 18. Re2 c6 19. Bd3 Nd5 20. Rae1 Ndf4 21. Bxf4 Qxf4 22. g3 Qd4 23. h4 Rfd8 24. h5 Nf8 25. Bc2 Rd5 26. Qf3 Rad8 27. Re7 Qf6 28. Qb3 Rxh5 0-1


[Site "https://www.chess.com"]

[Event "Titled Tuesday Blitz March 22 Early 2022"]
[White "Daneshvar, Bardiya"]
[Black "Jumabayev, Rinat"]
[WhiteFideId "12576468"]
[BlackFideId "13702661"]
[WhiteElo "2295"]
[BlackElo "2561"]
[Result "1-0"]
[Round "08"]
[TimeControl "180+1"]
[Date "2022.03.22"]
[WhiteClock "0:00:30"]
[BlackClock "0:00:06"]

1. d4 Nf6 2. c4 e6 3. Nf3 Bb4+ 4. Nbd2 O-O 5. a3 Be7 6. e4 d6 7. e5 Nfd7 8. exd6 cxd6 9. Bd3 e5 10. O-O f5 11. dxe5 dxe5 12. Bc2 e4 13. Nd4 Ne5 14. Nb5 Nbc6 15. Nc3 Be6 16. Nd5 Nxc4 17. Nxe7+ Qxe7 18. Nxc4 Bxc4 19. Re1 Rad8 20. Qh5 h6 21. Be3 Qf6 22. Rac1 Nd4 23. Bxe4 Bf7 24. Bxd4 Rxd4 25. Qxf5 Qxf5 26. Bxf5 Rd2 27. Rc2 Rfd8 28. h4 g5 29. hxg5 hxg5 30. Rc7 Rd1 31. Rxd1 Rxd1+ 32. Kh2 Rd2 33. Rxb7 Rxf2 34. Be4 a6 35. Kg3 Rd2 36. Kg4 Rd4 37. Kf5 Kf8 38. g4 Ba2 39. Rb4 Rd2 40. Kxg5 a5 41. Rb8+ Ke7 42. Bc6 Kd6 43. Rd8+ 1-0


[Site "https://www.chess.com"]

[Event "Titled Tuesday Blitz March 22 Early 2022"]
[White "Demchenko, Anton"]
[Black "Le, Tuan Minh"]
[WhiteFideId "4160258"]
[BlackFideId "12401153"]
[WhiteElo "2539"]
[BlackElo "2450"]
[Result "0-1"]
[Round "08"]
[TimeControl "180+1"]
[Date "2022.03.22"]
[WhiteClock "0:00:01"]
[BlackClock "0:00:15"]

1. d4 d5 2. Nf3 Nf6 3. Bf4 c5 4. e3 Qb6 5. Nc3 a6 6. Rb1 Nc6 7. Be2 Bg4 8. dxc5 Qxc5 9. O-O e6 10. Ne5 Bxe2 11. Nxe2 Rc8 12. Nxc6 Qxc6 13. Nd4 Qb6 14. c3 Bd6 15. Qa4+ Nd7 16. Rfd1 Rc4 17. Qb3 Bxf4 18. exf4 O-O 19. Qc2 Rfc8 20. Qe2 Qd6 21. g3 g6 22. h4 Nf6 23. Rd3 b5 24. a3 a5 25. Nxb5 Qb6 26. Nd4 Rxc3 27. Rbd1 R3c4 28. Kg2 h5 29. f3 a4 30. R3d2 Qd6 31. Qd3 Nd7 32. Qe3 Nc5 33. Re2 Rb8 34. Red2 Nb3 35. Nxb3 Rxb3 36. Qe2 Qb6 37. Qe5 Qc5 38. Qg5 Rc2 39. f5 exf5 40. Qd8+ Kg7 41. Kh3 Rbxb2 42. Qxd5 Qxd5 0-1


[Site "https://www.chess.com"]

[Event "Titled Tuesday Blitz March 22 Early 2022"]
[White "Demin, Vladimir"]
[Black "Kashefi, Amir Hosein"]
[WhiteFideId "4167457"]
[BlackFideId "12557935"]
[WhiteElo "2522"]
[BlackElo "2107"]
[Result "1-0"]
[Round "08"]
[TimeControl "180+1"]
[Date "2022.03.22"]
[WhiteClock "0:02:12"]
[BlackClock "0:02:22"]

1. e4 c6 2. d4 d5 3. e5 Bf5 4. Nc3 e6 5. g4 Bg6 6. Nge2 c5 7. h4 h5 8. Nf4 cxd4 9. Nxg6 fxg6 10. Qxd4 Nc6 11. Bb5 Ne7 12. Bg5 Qa5 13. Qc5 a6 14. Bxe7 Bxe7 15. Bxc6+ 1-0


[Site "https://www.chess.com"]

[Event "Titled Tuesday Blitz March 22 Early 2022"]
[White "Dilanyan, Grigor"]
[Black "Gaehwiler, Gabriel"]
[WhiteFideId "13303570"]
[BlackFideId "1314530"]
[WhiteElo "2279"]
[BlackElo "2383"]
[Result "0-1"]
[Round "08"]
[TimeControl "180+1"]
[Date "2022.03.22"]
[WhiteClock "0:00:52"]
[BlackClock "0:00:06"]

1. e4 e5 2. Nf3 Nf6 3. Nxe5 d6 4. Nf3 Nxe4 5. Nc3 Nf6 6. d4 d5 7. Bg5 Be7 8. Bd3 O-O 9. O-O Bg4 10. h3 Bh5 11. g4 Bg6 12. Ne5 Nc6 13. Nxc6 bxc6 14. Re1 Re8 15. Qf3 Ne4 16. Bxe7 Qxe7 17. Bxe4 dxe4 18. Qe3 f5 19. gxf5 Bxf5 20. a3 Qd7 21. Kh2 Re6 22. Rg1 Kh8 23. Rg3 Rf8 24. Rag1 Bg6 25. Na4 Ref6 26. R1g2 Rf3 27. Nc5 Qd5 28. Rxf3 Rxf3 29. Qg5 Qxd4 30. b4 Rxf2 31. Rxf2 Qxf2+ 32. Kh1 Qf1+ 33. Kh2 Qe2+ 34. Kh1 Qf3+ 35. Kh2 Qf2+ 36. Kh1 Qf8 37. Ne6 Qd6 38. Qd8+ Qxd8 39. Nxd8 e3 40. Kg1 Bxc2 41. Nxc6 Be4 42. Nxa7 g5 43. Nb5 c6 44. Nc3 Bd3 45. a4 h5 46. b5 cxb5 47. axb5 g4 48. hxg4 hxg4 49. b6 Ba6 50. Ne4 e2 51. Kf2 Kg7 52. Ke1 Kf7 53. Nc5 g3 54. Nd7 g2 55. Ne5+ Ke7 56. Nf3 Bb7 57. Ng1 Ba6 58. Kf2 Kd6 59. Nf3 Kc6 60. Kxg2 Kxb6 61. Ne1 Kc5 62. Kf2 Kd4 63. Nf3+ Kd3 64. Ne1+ Kd2 65. Nf3+ Kd1 66. Ne1 Bc4 67. Nf3 Bd5 68. Ne1 Kd2 0-1


[Site "https://www.chess.com"]

[Event "Titled Tuesday Blitz March 22 Early 2022"]
[White "Dilmukhametov, Artur"]
[Black "Stefanov, Plamen"]
[WhiteFideId "24179922"]
[BlackFideId "2900980"]
[WhiteElo "2237"]
[BlackElo "2137"]
[Result "0-1"]
[Round "08"]
[TimeControl "180+1"]
[Date "2022.03.22"]
[WhiteClock "0:01:03"]
[BlackClock "0:01:53"]

1. d4 Nf6 2. c4 c5 3. d5 b5 4. cxb5 a6 5. bxa6 g6 6. Nc3 Bxa6 7. Bg5 Bg7 8. Nf3 d6 9. e3 Bxf1 10. Rxf1 O-O 11. Qd3 Nbd7 12. O-O-O Qa5 13. Qc4 Rfb8 14. Rd2 Rb4 15. Qd3 Ne4 16. Nxe4 Qxa2 17. Qb1 Qc4+ 18. Kd1 Qxf1+ 19. Ne1 Rxe4 20. Qxe4 Ra1+ 21. Kc2 Qxe1 22. Qd3 Qb1+ 23. Kb3 Qa2+ 24. Kc2 Qxb2# 0-1


[Site "https://www.chess.com"]

[Event "Titled Tuesday Blitz March 22 Early 2022"]
[White "Dinu, Dumitru-Daniel"]
[Black "Rudykh, Stepan"]
[WhiteFideId "1208403"]
[BlackFideId "4180321"]
[WhiteElo "2240"]
[BlackElo "2138"]
[Result "1-0"]
[Round "08"]
[TimeControl "180+1"]
[Date "2022.03.22"]
[WhiteClock "0:02:16"]
[BlackClock "0:02:39"]

1. e4 e6 2. d4 d5 3. exd5 exd5 4. Nf3 Nf6 5. Bd3 c5 6. dxc5 Bxc5 7. O-O O-O 8. Nbd2 Nc6 9. Nb3 Bb6 10. Bg5 Bg4 11. h3 Bh5 12. c3 Qd6 13. Re1 h6 14. Bh4 g5 15. g4 Nxg4 16. hxg4 Bxg4 17. Kh1 gxh4 18. Rg1 Qf4 19. Nh2 1-0


[Site "https://www.chess.com"]

[Event "Titled Tuesday Blitz March 22 Early 2022"]
[White "Ferreira, Vitor Hugo Vieira"]
[Black "Yang, Kaiqi"]
[WhiteFideId "2119765"]
[BlackFideId "8604398"]
[WhiteElo "2165"]
[BlackElo "2373"]
[Result "0-1"]
[Round "08"]
[TimeControl "180+1"]
[Date "2022.03.22"]
[WhiteClock "0:01:47"]
[BlackClock "0:00:41"]

1. Nf3 d5 2. g3 Nf6 3. Bg2 Bf5 4. O-O e6 5. c4 Be7 6. Qb3 Qc8 7. cxd5 exd5 8. Nd4 Be4 9. Nc3 Bxg2 10. Kxg2 c6 11. d3 Na6 12. e4 Nc5 13. Qc2 O-O 14. e5 Ne8 15. f4 f6 16. Nf3 Qf5 17. exf6 Bxf6 18. Ne2 Nxd3 19. Ned4 Bxd4 20. Nxd4 Qe4+ 21. Nf3 Nxf4+ 22. Bxf4 Qxc2+ 23. Rf2 Qg6 24. Raf1 Nf6 25. Ne5 Qe4+ 26. Kg1 Rae8 27. Nf3 Ng4 28. Rd2 h6 29. h3 Ne3 30. Re1 Qxf3 31. Rxe3 Rxe3 32. Rf2 Re1+ 33. Kh2 Rh1# 0-1


[Site "https://www.chess.com"]

[Event "Titled Tuesday Blitz March 22 Early 2022"]
[White "Fiol, Fabrice"]
[Black "Kett, Tim"]
[WhiteFideId "611670"]
[BlackFideId "1801210"]
[WhiteElo "2459"]
[BlackElo "2098"]
[Result "0-1"]
[Round "08"]
[TimeControl "180+1"]
[Date "2022.03.22"]
[WhiteClock "0:00:18"]
[BlackClock "0:00:06"]

1. e4 e5 2. Nf3 Nc6 3. Bc4 Nf6 4. d3 Be7 5. c3 d6 6. h3 Na5 7. Bb3 Nxb3 8. axb3 O-O 9. O-O Re8 10. Nbd2 Bf8 11. Re1 d5 12. b4 dxe4 13. dxe4 c5 14. b5 a6 15. Nc4 Qxd1 16. Rxd1 Nxe4 17. Ncxe5 Be6 18. bxa6 Rxa6 19. Rxa6 bxa6 20. Be3 Rb8 21. Nc6 Rxb2 22. Rd8 f6 23. Nd2 Nxd2 24. Bxd2 Kf7 25. Bf4 Rc2 26. Ra8 Rxc3 27. Nd8+ Ke7 28. Nc6+ Kf7 29. Rxa6 Bd5 30. Nd8+ Kg6 31. Kh2 c4 32. g4 Rf3 33. Bg3 Bc5 34. Ne6 Bxe6 35. Rxe6 Bxf2 36. Kg2 Rxg3+ 37. Kxf2 Rxh3 38. Rc6 c3 39. Rc4 Rd3 40. Kg2 Rd2+ 41. Kf3 c2 42. Ke3 Rh2 43. Kf3 Kg5 44. Kg3 Rd2 45. Kf3 h5 46. gxh5 Kxh5 47. Ke3 Rh2 48. Kf3 g5 49. Kg3 Rd2 50. Kf3 f5 51. Ke3 Rh2 52. Kf3 g4+ 53. Kg3 Rh3+ 54. Kg2 f4 55. Rxc2 f3+ 56. Kg1 g3 57. Rc4 f2+ 58. Kg2 Rh2+ 59. Kxg3 f1=Q 60. Rc5+ Kg6 61. Rc6+ Kf5 62. Rc5+ Ke4 63. Kxh2 Qf2+ 64. Kh3 Qxc5 65. Kg4 Qd6 66. Kg5 Qd7 67. Kg6 Qc7 68. Kf6 Qb7 69. Ke6 Qa7 70. Kd6 Qa6+ 71. Kc5 Qa5+ 72. Kc4 Qc7+ 73. Kb5 Kd4 74. Ka6 Qb8 75. Ka5 Kc4 76. Ka6 Kc5 77. Ka5 Qa8# 0-1


[Site "https://www.chess.com"]

[Event "Titled Tuesday Blitz March 22 Early 2022"]
[White "Gatterer, Florian"]
[Black "Saldano Dayer, Horacio"]
[WhiteFideId "811688"]
[BlackFideId "103411"]
[WhiteElo "2218"]
[BlackElo "2419"]
[Result "0-1"]
[Round "08"]
[TimeControl "180+1"]
[Date "2022.03.22"]
[WhiteClock "0:00:02"]
[BlackClock "0:00:33"]

1. c4 g6 2. e4 Bg7 3. d4 d6 4. Nc3 Nf6 5. Be3 Ng4 6. Bc1 e5 7. dxe5 Nxe5 8. Nf3 Nbc6 9. Nxe5 dxe5 10. Qxd8+ Nxd8 11. Nd5 Ne6 12. Be3 c6 13. Nc3 Nd4 14. O-O-O Be6 15. f4 O-O-O 16. fxe5 Bxe5 17. Ne2 Nxe2+ 18. Bxe2 Rxd1+ 19. Rxd1 Bxh2 20. Bxa7 Be5 21. Bd4 Bxd4 22. Rxd4 h5 23. Rd1 g5 24. b3 h4 25. Rh1 Kc7 26. Kd2 Kd6 27. a4 c5 28. a5 Ke5 29. Ke3 g4 30. g3 h3 31. Bf3 gxf3 32. Kxf3 Rg8 33. Kf2 Kxe4 34. Ra1 Kd4 35. a6 bxa6 36. Rxa6 Rh8 37. Kg1 Kc3 38. Kh2 Kxb3 39. Rc6 Kxc4 40. Rc7 Kd5 41. g4 c4 42. g5 Rc8 43. Ra7 c3 44. Ra1 c2 45. Rc1 Kd4 46. g6 fxg6 47. Kg3 Kc3 48. Kh2 Kd2 49. Rg1 c1=Q 50. Re1 Kxe1 51. Kg1 Qg5+ 52. Kh2 Qg2# 0-1


[Site "https://www.chess.com"]

[Event "Titled Tuesday Blitz March 22 Early 2022"]
[White "Golsta, Madara"]
[Black "Miszler, Levente"]
[WhiteFideId "11607386"]
[BlackFideId "763276"]
[WhiteElo "1997"]
[BlackElo "1966"]
[Result "0-1"]
[Round "08"]
[TimeControl "180+1"]
[Date "2022.03.22"]
[WhiteClock "0:00:03"]
[BlackClock "0:00:19"]

1. d4 d5 2. c4 c6 3. Nf3 Nf6 4. Nc3 e6 5. e3 Nbd7 6. Bd3 dxc4 7. Bxc4 b5 8. Bd3 Bb7 9. Qc2 a6 10. O-O c5 11. Be2 Rc8 12. Qd1 Qb6 13. Ne5 Bd6 14. Nxd7 Nxd7 15. Bf3 Bxf3 16. Qxf3 cxd4 17. exd4 O-O 18. Be3 Qb8 19. h3 Nf6 20. Ne4 Nxe4 21. Qxe4 Rfd8 22. Bg5 Rd7 23. Rfd1 h6 24. Be3 Rcd8 25. Rac1 Be7 26. Qg4 Kf8 27. Bf4 Bd6 28. Be3 Qb7 29. Qh5 Qe4 30. Qg4 Qxg4 31. hxg4 Be7 32. Kf1 Bf6 33. Rc6 Rd6 34. Rxd6 Rxd6 35. Ke2 Ke7 0-1


[Site "https://www.chess.com"]

[Event "Titled Tuesday Blitz March 22 Early 2022"]
[White "Golubev, Mikhail"]
[Black "Terry, Renato"]
[WhiteFideId "14100983"]
[BlackFideId "3803457"]
[WhiteElo "2374"]
[BlackElo "2577"]
[Result "0-1"]
[Round "08"]
[TimeControl "180+1"]
[Date "2022.03.22"]
[WhiteClock "0:00:01"]
[BlackClock "0:00:52"]

1. e4 e6 2. d4 d5 3. Nc3 Nf6 4. Bg5 Bb4 5. e5 h6 6. Bd2 Bxc3 7. bxc3 Ne4 8. Qg4 g6 9. Bd3 Nxd2 10. Kxd2 c5 11. h4 Nc6 12. Nf3 cxd4 13. cxd4 Qa5+ 14. c3 b6 15. a4 Ba6 16. Bb5 Bxb5 17. axb5 Qxb5 18. Rhb1 Qc4 19. Rxb6 Rc8 20. Rbb1 Na5 21. Ra3 Qc7 22. Ke1 O-O 23. h5 g5 24. Kf1 Rb8 25. Rxb8 Rxb8 26. Kg1 Nc4 27. Ra1 a5 28. Rd1 Kh7 29. Nxg5+ hxg5 30. Qxg5 Rg8 31. Qf4 f5 32. Rd3 Qf7 33. Rh3 Rg4 34. Qc1 Qg7 35. g3 a4 36. Qb1 a3 37. Qb8 Nd2 0-1


[Site "https://www.chess.com"]

[Event "Titled Tuesday Blitz March 22 Early 2022"]
[White "Golubka, Petro"]
[Black "Santos Flores, Alberto"]
[WhiteFideId "14114224"]
[BlackFideId "3601234"]
[WhiteElo "2346"]
[BlackElo "2235"]
[Result "1-0"]
[Round "08"]
[TimeControl "180+1"]
[Date "2022.03.22"]
[WhiteClock "0:02:27"]
[BlackClock "0:01:05"]

1. d4 d5 2. Nc3 e6 3. a3 Nf6 4. Nf3 Be7 5. Bf4 O-O 6. e3 c5 7. dxc5 Bxc5 8. Bd3 Nc6 9. Qe2 Qe7 10. O-O-O e5 11. Bg5 Be6 12. e4 d4 13. Nd5 Bxd5 14. exd5 Nb8 15. Qxe5 Qxe5 16. Nxe5 Nxd5 17. Be4 Nb6 18. Bxb7 f6 19. Bxa8 Nxa8 20. Nd3 fxg5 21. Nxc5 Rxf2 22. Rxd4 Nc6 23. Rd6 1-0


[Site "https://www.chess.com"]

[Event "Titled Tuesday Blitz March 22 Early 2022"]
[White "Goriatchkin, Jouri"]
[Black "Tiarks, Jann-Christian"]
[WhiteFideId "4120183"]
[BlackFideId "12951595"]
[WhiteElo "1585"]
[BlackElo "2176"]
[Result "1-0"]
[Round "08"]
[TimeControl "180+1"]
[Date "2022.03.22"]
[WhiteClock "0:00:11"]
[BlackClock "0:00:05"]

1. d4 Nf6 2. c4 e6 3. Nc3 d5 4. Bf4 c6 5. e3 Bd6 6. Bxd6 Qxd6 7. Nf3 O-O 8. Qc2 Nbd7 9. cxd5 cxd5 10. Bd3 h6 11. O-O e5 12. dxe5 Nxe5 13. Be2 Bd7 14. Rfd1 Rac8 15. Qb3 Bc6 16. h3 Rfd8 17. Nd4 Qe7 18. Bb5 a6 19. Bxc6 bxc6 20. Nde2 Rb8 21. Qc2 Qb7 22. b3 Qe7 23. Na4 Ne4 24. Nf4 Rbc8 25. Rac1 Qf6 26. Nc5 Nxc5 27. Qxc5 g5 28. Nd3 Ng6 29. Nb4 a5 30. Qxa5 g4 31. hxg4 Ne5 32. Nd3 Nxg4 33. Nf4 Qh4 34. Nh3 Rd6 35. Qa6 Rc7 36. Qb6 Rc8 37. Qb7 Re8 38. Rxc6 Ree6 39. Rxd6 Rxd6 40. Rxd5 Rf6 41. Rd2 Nxe3 42. Qc8+ Kg7 43. Qc5 Ng4 44. b4 Re6 45. Qc1 Qe7 46. Qc3+ Kg8 47. Rd1 Re4 48. a3 Re2 49. Qc8+ Qe8 50. Qxg4+ Kh8 51. Qd4+ Kh7 52. a4 Re4 53. Qd3 Kg7 54. b5 Rxa4 55. Qc3+ Kg8 56. b6 Ra8 57. Qg3+ Kh8 58. Nf4 Rb8 59. Nh5 Qg8 60. Qxg8+ Kxg8 61. Rb1 Kf8 62. Nf4 Ke7 63. Kf1 Kd6 64. Ke2 Kc5 65. Kf3 Rxb6 66. Rxb6 Kxb6 67. Kg4 1-0


[Site "https://www.chess.com"]

[Event "Titled Tuesday Blitz March 22 Early 2022"]
[White "Grieve, Harry"]
[Black "Prohorov, Olexandr"]
[WhiteFideId "426520"]
[BlackFideId "14105578"]
[WhiteElo "2294"]
[BlackElo "1993"]
[Result "1-0"]
[Round "08"]
[TimeControl "180+1"]
[Date "2022.03.22"]
[WhiteClock "0:00:43"]
[BlackClock "0:01:51"]

1. e4 c5 2. Nc3 a6 3. g3 b5 4. Bg2 Bb7 5. Nge2 e6 6. d4 cxd4 7. Nxd4 Nf6 8. O-O Be7 9. e5 Nd5 10. Nxd5 exd5 11. Qg4 g6 12. Bh6 Qc7 13. Bg7 Rg8 14. Bf6 Nc6 15. Bxd5 O-O-O 16. Bxc6 1-0


[Site "https://www.chess.com"]

[Event "Titled Tuesday Blitz March 22 Early 2022"]
[White "Griffith, Kyron"]
[Black "Kobalia, Mikhail"]
[WhiteFideId "2046318"]
[BlackFideId "4119150"]
[WhiteElo "2232"]
[BlackElo "2667"]
[Result "1/2-1/2"]
[Round "08"]
[TimeControl "180+1"]
[Date "2022.03.22"]
[WhiteClock "0:00:23"]
[BlackClock "0:01:16"]

1. e4 c5 2. Nf3 e6 3. d4 cxd4 4. Nxd4 Nc6 5. Nc3 a6 6. Be3 Nf6 7. Qf3 Bb4 8. Bd3 Qa5 9. O-O O-O 10. Qg3 Kh8 11. Nxc6 bxc6 12. e5 Bxc3 13. bxc3 Nd5 14. Qh4 f5 15. exf6 Nxf6 16. Bg5 h6 17. Bxh6 gxh6 18. Qxh6+ Kg8 19. Qg6+ Kh8 20. Qh6+ Kg8 21. Qg6+ Kh8 22. Qh6+ 1/2-1/2


[Site "https://www.chess.com"]